 Dungeon Crawl Stone Soup version 0.31.0-32-g396128a36d (webtiles) character file.

Game seed: 363105176788406493

30 Peloso the Covered (level 3, -3/3 HPs)
             Began as a Minotaur Fighter on Mar 15, 2024.
             Slain by a quokka (5 damage)
             ... on level 1 of the Dungeon.
             The game lasted 00:01:15 (620 turns).

Peloso the Covered (Minotaur Fighter)                Turns: 620, Time: 00:01:16

Health: -3/3       AC:  0    Str: 20    XL:     3   Next: 3%
Magic:  2/2        EV: 11    Int:  5    God:
Gold:   75         SH:  4    Dex: 11    Spells: 2/2 levels left

rFire   . . .        a - +0 long sword
rCold   . . .        c - +0 buckler
rNeg    . . .        b - melded +0 scale mail
rPois   .            (helmet restricted)
rElec   .            (no cloak)
rCorr   .            (no gloves)
SInv    .            (no boots)
Will    .....        (no amulet)
Stlth   +            (no ring)
HPRegen 0.20/turn    (no ring)
MPRegen 0.08/turn

%: no passive effects
@: maw-form
A: devouring maw, reduced hp, horns 2, retaliatory headbutt
a: Begin Untransformation


You were on level 1 of the Dungeon.
You were a creature with a mouth for a stomach.
You visited 1 branch of the dungeon, and saw 1 of its levels.

You collected 75 gold pieces.

Inventory:

Hand Weapons
 a - a +0 long sword (weapon)
Armour
 b - a +0 scale mail (melded)
 c - a +0 buckler (worn)
Talismans
 h - a maw talisman (active)
Scrolls
 e - a scroll of torment {unknown}
 f - a scroll of identify {unknown}
 g - a scroll of teleportation {unknown}
Potions
 d - a potion of might


   Skills:
 + Level 4.0 Fighting
 + Level 2.8 Long Blades
 + Level 4.2 Armour
 + Level 4.0 Shields


You had 2 spell levels left.
You didn't know any spells.
Your spell library contained the following spells:

 Spells                   Type           Power      Damage    Failure   Level
 Static Discharge         Conj/Air       0%         3-3/arc   69%         2
 Swiftness                Air            0%         N/A       89%         3
 Maxwell's Capacitive Co  Air            0%         ∞         100%        8


Dungeon Overview and Level Annotations

Branches:
Dungeon (1/15)

Altars:


Innate Abilities, Weirdness & Mutations

You are a creature with a mouth for a stomach.
Your midsection houses a second, enormous mouth.
Your maximum health is decreased, since you lack skill for your form.
You have a pair of horns on your head.
You reflexively headbutt those who attack you in melee.


Message History

You kill the rat!
The bat hits you. The endoplasm freezes you.
You are frozen.
Unknown command.
You hit the giant cockroach.
The giant cockroach is severely wounded.
The bat closely misses you. You furiously retaliate!
You headbutt the bat.
You kill the bat!
The endoplasm closely misses you. You furiously retaliate!
You headbutt the endoplasm!
You kill the endoplasm!
The giant cockroach barely misses you.
You have reached level 3!
Your experience leads to an increase in your attributes!
Increase (S)trength, (I)ntelligence, or (D)exterity?
You feel agile. x2
The giant cockroach bites you but does no damage.
You hit the giant cockroach.
You kill the giant cockroach!
Your Shields skill increases to level 4!
You see here a maw talisman.
h - a maw talisman Unknown command.
You begin transforming.
You continue transforming. x3
You turn into a creature with a mouth for a stomach.
Your +0 scale mail melds into your body.
You start waiting.
Done waiting.
You see here a +0 club.
You now have 75 gold pieces (gained 15).
You see here a +0 pair of gloves.
A quokka comes into view.
You closely miss the quokka. The quokka bites you.
The quokka closely misses you.
You hit the quokka but do no damage. You bite the quokka, but do no damage.
The quokka closely misses you.
You barely miss the quokka. Your bite misses the quokka. The quokka bites you.
Ouch! That really hurt!
You die...

#....###.#.##
##.#.....#...
#.###.###.#.
#####.###.....#.
#.......)...###.
#.#.####.#.#.....
.######
##.##.........#
......r##
##.#†.#.#.##..
#W###.##.#...###.#
##.#.......[## #.#
#..........(# #.#
#.#.####.#..# #.#
#.#.###.....####.#
#.#.........##....
..#####..P♣♣...###
#. ##P.P♣♣...## #.
.P♣♣..PP.##


You could see a quokka.

Vanquished Creatures
  3 bats (D:1)
  8 endoplasms (D:1)
  A giant cockroach (D:1)
  3 goblins (D:1)
  3 hobgoblins (D:1)
  A quokka (D:1)
  2 ball pythons (D:1)
  A frilled lizard (D:1)
  A rat (D:1)
23 creatures vanquished.

Notes
Turn   | Place    | Note
-------+----------+-------------------------------------------
     0 | D:1      | Peloso the Minotaur Fighter began the quest for the Orb.
     0 | D:1      | Reached XP level 1. HP: 19/19 MP: 0/0
   188 | D:1      | Reached XP level 2. HP: 27/27 MP: 1/1
   258 | D:1      | Got Sif Muna's Parchment of Anemomancy
   436 | D:1      | Reached XP level 3. HP: 27/33 MP: 2/2
   620 | D:1      | Slain by a quokka

Illustrated notes

Levels and vault maps discovered:
D:1:      denvon_arrival_planthouse, layout_loops_ring, serial_forest,
          infiniplex_forest_zigzag_1, infiniplex_forest_lined_2,
          infiniplex_forest_lined_room_2, infiniplex_forest_clump_large,
          infiniplex_forest_end_2, infiniplex_forest_clump_double,
          infiniplex_forest_clump_medium, infiniplex_forest_lined_room_2,
          hangedman_abyss_or_decor_stabs, st_stairs_8

Skill      XL: |  1  2  3 |
---------------+----------+-----
Armour         | 4 |  4.2
Fighting       | 4 |  4.0
Shields        | 4 |  4.0
Long Blades    | |  2.8

Action                     || total
---------------------------++-------
  Melee: Long sword        ||    42
         Headbutt          ||     2
         Maw               ||     1
 Armour: Scale mail        ||    38
         Skin              ||     2
  Dodge: Dodged            ||    24
  Block: Buckler           ||    12
   Form: Maw               ||     1
